PCL
ALBUQUERQUE ISOTOPES @ SACRAMENTO RIVER CATS
09/19/2098
 
TOP OF THE 1ST
Albuquerque Isotopes batting - Pitching for Sacramento River Cats : RHP Toby Carlson
Pitching: RHP Toby Carlson
Batting: RHB Hector Gonzales 0-0: Foul Ball, location: 2F
0-1: Swinging Strike
0-2: Strikes out swinging
Batting: RHB Salvador Salaedo 0-0: Called Strike
0-1: Foul Ball, location: 2F
0-2: Ball
1-2: Ball
2-2: Foul Ball, location: 2F
2-2: Foul Ball, location: 7LSF
2-2: Strikes out looking
Batting: LHB Josue Lopez 0-0: Ball
1-0: Ground out 4-3 (Groundball, 4, EV 79.4 MPH)
Top of the 1st over - 0 runs, 0 hits, 0 errors, 0 left on base; Albuquerque 0 - Sacramento 0
BOTTOM OF THE 1ST
Sacramento River Cats batting - Pitching for Albuquerque Isotopes : RHP Keith Woolsey
Pitching: RHP Keith Woolsey
Batting: RHB Chris Strong 0-0: Foul Ball, location: 23F
0-1: Ball
1-1: Swinging Strike
1-2: Foul Ball, location: 7LMF
1-2: Strikes out swinging
Batting: LHB Andy VanAsselberg 0-0: Ball
1-0: Ball
2-0: Ball
3-0: Base on Balls
Batting: LHB Marcos Iniguez 0-0: Ball
1-0: Called Strike
1-1: Ball
2-1: Ball
3-1: Called Strike
3-2: Strikes out swinging
Andy VanAsselberg is caught stealing 2nd base 2-6
Batter strikes out.
Bottom of the 1st over - 0 runs, 0 hits, 0 errors, 0 left on base; Albuquerque 0 - Sacramento 0
TOP OF THE 2ND
Albuquerque Isotopes batting - Pitching for Sacramento River Cats : RHP Toby Carlson
Batting: LHB Luis Rodriguez 0-0: Foul Ball, location: 7LDF
0-1: Swinging Strike
0-2: Ball
1-2: Ball
2-2: Foul Ball, location: 5SF
2-2: Foul Ball, location: 23F
2-2: Strikes out looking
Batting: RHB Joey Lowery 0-0: Ball
1-0: Ball
2-0: Foul Ball, location: 3F
2-1: DOUBLE (Flyball, 78D, EV 105.0 MPH)
Batting: LHB Roberto Velasco 0-0: Called Strike
0-1: Ball
1-1: Foul Ball, location: 2F
1-2: Ball
2-2: Fly out, F8 (Line Drive, 8LD, EV 89.4 MPH)
Batting: RHB Benny Scanlon 0-0: Called Strike
0-1: Ball
1-1: Ground out 2-3 (Groundball, 13S, EV 69.4 MPH)
Top of the 2nd over - 0 runs, 1 hit, 0 errors, 1 left on base; Albuquerque 0 - Sacramento 0
BOTTOM OF THE 2ND
Sacramento River Cats batting - Pitching for Albuquerque Isotopes : RHP Keith Woolsey
Pitching: LHP Josh McGregor
Batting: LHB Josh Layne 0-0: Ball
1-0: Ball
2-0: Ball
3-0: Called Strike
3-1: Called Strike
3-2: Base on Balls
Batting: RHB Elvin Reiss 0-0: Ball
1-0: Ball
2-0: Foul Ball, location: 7LMF
2-1: Ball
3-1: Base on Balls
Josh Layne to second
Batting: LHB Steve Ferguson 0-0: Called Strike
0-1: Called Strike
0-2: Ball
1-2: Foul Ball, location: 7LDF
1-2: Foul Ball, location: 5FF
1-2: Ball
2-2: Ball
3-2: Fly out, F8 (Line Drive, 8RM, EV 91.3 MPH)
Batting: RHB Luis Jaramillo 0-0: Foul Ball, location: 3F
0-1: Foul Ball, location: 5DF
0-2: Ball
1-2: Foul Ball, location: 23F
1-2: Ball
2-2: Foul Ball, location: 2F
2-2: Strikes out looking
Batting: RHB Jason Flores 0-0: Called Strike
0-1: Swinging Strike
0-2: Ball
1-2: Strikes out swinging
Bottom of the 2nd over - 0 runs, 0 hits, 0 errors, 2 left on base; Albuquerque 0 - Sacramento 0
TOP OF THE 3RD
Albuquerque Isotopes batting - Pitching for Sacramento River Cats : RHP Toby Carlson
Batting: SHB Mike Schirmer 0-0: Called Strike
0-1: Swinging Strike
0-2: Ground out 4-3 (Groundball, 4D, EV 83.1 MPH)
Batting: RHB Johnny Holton 0-0: Ground out 4-3 (Groundball, 4D, EV 98.1 MPH)
Batting: RHB Hector Gonzales 0-0: Ball
1-0: Ball
2-0: Called Strike
2-1: Foul Ball, location: 25FF
2-2: Ball
3-2: SINGLE (Groundball, 6MD, EV 95.6 MPH)
Batting: RHB Salvador Salaedo 0-0: Ball
1-0: Called Strike
1-1: Swinging Strike
1-2: Strikes out swinging
Top of the 3rd over - 0 runs, 1 hit, 0 errors, 1 left on base; Albuquerque 0 - Sacramento 0
BOTTOM OF THE 3RD
Sacramento River Cats batting - Pitching for Albuquerque Isotopes : LHP Josh McGregor
Batting: SHB Jody Tomko 0-0: SINGLE (Groundball, 4MD, EV 98.1 MPH)
Batting: RHB Chris Strong 0-0: Foul Ball, location: 5FF
0-1: SINGLE (Line Drive, 6D, EV 94.4 MPH)
Jody Tomko to second
Batting: LHB Andy VanAsselberg 0-0: SINGLE (Groundball, 3D, EV 102.5 MPH)
Jody Tomko to third
Chris Strong to second
Runner from 3rd tries for Home, SAFE, throw by RF to home
Batting: LHB Marcos Iniguez 0-0: Foul Ball, location: 3DF
0-1: Ball
1-1: Foul Ball, location: 2F
1-2: Ball
2-2: Foul Ball, location: 5SF
2-2: Ball
3-2: Fly out, F7 (Flyball, 78M, EV 85.0 MPH)
Batting: LHB Josh Layne 0-0: Ball
1-0: Ball
2-0: Ball
3-0: Base on Balls
Chris Strong to third
Andy VanAsselberg to second
Batting: RHB Elvin Reiss 0-0: Foul Ball, location: 5F
0-1: Foul Ball, location: 2F
0-2: Foul Ball, location: 25F
0-2: Foul Ball, location: 3F
0-2: Ball
1-2: Hit by Pitch
Chris Strong scores
Andy VanAsselberg to third
Josh Layne to second
Pitching: RHP Miles Bishop
Batting: LHB Steve Ferguson 0-0: Foul Ball, location: 7LSF
0-1: SINGLE (Groundball, 4, EV 78.1 MPH)
Andy VanAsselberg scores
Josh Layne to third
Elvin Reiss to second
Batting: RHB Luis Jaramillo 0-0: Called Strike
0-1: Swinging Strike
0-2: Ball
1-2: DOUBLE (Line Drive, 5D, EV 109.4 MPH)
Josh Layne scores
Elvin Reiss scores
Steve Ferguson to third
Runner from 3rd tries for Home, SAFE, no throw by LF
Batting: RHB Jason Flores 0-0: Ground out 5-3 (Groundball, 5L, EV 78.8 MPH)
Batting: SHB Jody Tomko 0-0: Called Strike
0-1: Ball
1-1: Ball
2-1: Ball
3-1: Foul Ball, location: 5F
3-2: Foul Ball, location: 2F
3-2: Strikes out looking
Bottom of the 3rd over - 6 runs, 5 hits, 0 errors, 1 left on base; Albuquerque 0 - Sacramento 6
TOP OF THE 4TH
Albuquerque Isotopes batting - Pitching for Sacramento River Cats : RHP Toby Carlson
Batting: LHB Josue Lopez 0-0: Called Strike
0-1: Foul Ball, location: 3F
0-2: Foul Ball, location: 7LMF
0-2: Ball
1-2: Fly out, F7 (Flyball, 7S, EV 96.9 MPH)
Batting: LHB Luis Rodriguez 0-0: Called Strike
0-1: Fly out, F8 (Flyball, 8LS, EV 88.8 MPH)
Batting: RHB Joey Lowery 0-0: Called Strike
0-1: Ball
1-1: Called Strike
1-2: Strikes out swinging
Top of the 4th over - 0 runs, 0 hits, 0 errors, 0 left on base; Albuquerque 0 - Sacramento 6
BOTTOM OF THE 4TH
Sacramento River Cats batting - Pitching for Albuquerque Isotopes : RHP Miles Bishop
Batting: RHB Chris Strong 0-0: Fly out, F7 (Flyball, 78M, EV 95.0 MPH)
Batting: LHB Andy VanAsselberg 0-0: Called Strike
0-1: Swinging Strike
0-2: Strikes out swinging
Batting: LHB Marcos Iniguez 0-0: Fly out, F7 (Line Drive, 78D, EV 102.5 MPH)
Bottom of the 4th over - 0 runs, 0 hits, 0 errors, 0 left on base; Albuquerque 0 - Sacramento 6
TOP OF THE 5TH
Albuquerque Isotopes batting - Pitching for Sacramento River Cats : RHP Toby Carlson
Batting: LHB Roberto Velasco 0-0: Ground out 4-3 (Groundball, 4S, EV 64.4 MPH)
Batting: RHB Benny Scanlon 0-0: Ball
1-0: Called Strike
1-1: Called Strike
1-2: Fly out, F3 (Popup, 34S, EV 73.1 MPH)
Batting: SHB Mike Schirmer 0-0: Ball
1-0: Ground out 2-3 (Groundball, 2L, EV 76.3 MPH)
Top of the 5th over - 0 runs, 0 hits, 0 errors, 0 left on base; Albuquerque 0 - Sacramento 6
BOTTOM OF THE 5TH
Sacramento River Cats batting - Pitching for Albuquerque Isotopes : RHP Miles Bishop
Batting: LHB Josh Layne 0-0: Called Strike
0-1: Foul Ball, location: 2LF
0-2: Fly out, F9 (Line Drive, 9S, EV 92.5 MPH)
Batting: RHB Elvin Reiss 0-0: Ball
1-0: Ball
2-0: Fly out, F5 (Popup, 5SF, EV 77.5 MPH)
Batting: LHB Steve Ferguson 0-0: Ball
1-0: Called Strike
1-1: Ball
2-1: Foul Ball, location: 2F
2-2: Strikes out swinging
Bottom of the 5th over - 0 runs, 0 hits, 0 errors, 0 left on base; Albuquerque 0 - Sacramento 6
TOP OF THE 6TH
Albuquerque Isotopes batting - Pitching for Sacramento River Cats : RHP Toby Carlson
Batting: RHB Johnny Holton 0-0: Called Strike
0-1: Foul Ball, location: 3F
0-2: Ball
1-2: Strikes out looking
Batting: RHB Hector Gonzales 0-0: Called Strike
0-1: Foul Ball, location: 23FF
0-2: Strikes out swinging
Batting: RHB Salvador Salaedo 0-0: Foul Ball, location: 2F
0-1: Ball
1-1: Ground out 5-3 (Groundball, 56S, EV 90.0 MPH)
Top of the 6th over - 0 runs, 0 hits, 0 errors, 0 left on base; Albuquerque 0 - Sacramento 6
BOTTOM OF THE 6TH
Sacramento River Cats batting - Pitching for Albuquerque Isotopes : RHP Miles Bishop
Batting: RHB Luis Jaramillo 0-0: Swinging Strike
0-1: Called Strike
0-2: Ball
1-2: SINGLE (Flyball, 34D, EV 91.3 MPH)
Pitching: RHP Perry Hiller
Batting: RHB Jason Flores 0-0: Grounds into double play, 5-4-3 (Groundball, 56, EV 101.3 MPH)
Batting: SHB Jody Tomko 0-0: Foul Ball, location: 2F
0-1: Called Strike
0-2: Ball
1-2: Ball
2-2: Ball
3-2: Strikes out swinging
Bottom of the 6th over - 0 runs, 1 hit, 0 errors, 0 left on base; Albuquerque 0 - Sacramento 6
TOP OF THE 7TH
Albuquerque Isotopes batting - Pitching for Sacramento River Cats : RHP Toby Carlson
Batting: LHB Josue Lopez 0-0: Ball
1-0: Ball
2-0: Swinging Strike
2-1: Swinging Strike
2-2: Ground out 6-3 (Groundball, 6, EV 99.4 MPH)
Batting: LHB Luis Rodriguez 0-0: Ground out 6-3 (Groundball, 6, EV 83.1 MPH)
Batting: RHB Joey Lowery 0-0: Ball
1-0: Fly out, F7 (Line Drive, 7LM, EV 91.9 MPH)
Top of the 7th over - 0 runs, 0 hits, 0 errors, 0 left on base; Albuquerque 0 - Sacramento 6
BOTTOM OF THE 7TH
Sacramento River Cats batting - Pitching for Albuquerque Isotopes : RHP Perry Hiller
Batting: RHB Chris Strong 0-0: Called Strike
0-1: Called Strike
0-2: Foul Ball, location: 5FF
0-2: Ball
1-2: Ball
2-2: Foul Ball, location: 5F
2-2: Ball
3-2: Foul Ball, location: 2F
3-2: SINGLE (Groundball, 6MD, EV 108.1 MPH)
Batting: LHB Andy VanAsselberg 0-0: Foul Ball, location: 2F
0-1: Fielders Choice at 2nd, 5-4 (Groundball, 5, EV 103.8 MPH)
Batting: LHB Marcos Iniguez 0-0: Ball
1-0: Swinging Strike
1-1: Fly out, F4 (Popup, 13S, EV 84.4 MPH)
Batting: LHB Josh Layne 0-0: Ball
1-0: Ball
2-0: Ball
3-0: Base on Balls
Andy VanAsselberg to second
Batting: RHB Elvin Reiss 0-0: Foul Ball, location: 3DF
0-1: Foul Ball, location: 9LDF
0-2: Ball
1-2: Foul Ball, location: 9LSF
1-2: Fly out, F7 (Flyball, 7, EV 94.4 MPH)
Bottom of the 7th over - 0 runs, 1 hit, 0 errors, 2 left on base; Albuquerque 0 - Sacramento 6
TOP OF THE 8TH
Albuquerque Isotopes batting - Pitching for Sacramento River Cats : RHP Toby Carlson
Batting: LHB Roberto Velasco 0-0: Ball
1-0: Foul Ball, location: 7LMF
1-1: Called Strike
1-2: Ball
2-2: Fly out, F5 (Line Drive, 56, EV 104.4 MPH)
Batting: RHB Benny Scanlon 0-0: Called Strike
0-1: Ball
1-1: Fly out, F9 (Flyball, 9LM, EV 100.0 MPH)
Batting: SHB Mike Schirmer 0-0: Ball
1-0: Foul Ball, location: 5F
1-1: Fly out, F8 (Flyball, 8RM, EV 88.1 MPH)
Top of the 8th over - 0 runs, 0 hits, 0 errors, 0 left on base; Albuquerque 0 - Sacramento 6
BOTTOM OF THE 8TH
Sacramento River Cats batting - Pitching for Albuquerque Isotopes : RHP Perry Hiller
Batting: LHB Steve Ferguson 0-0: Called Strike
0-1: Ball
1-1: Ball
2-1: Called Strike
2-2: SINGLE (Line Drive, 6MD, EV 96.9 MPH)
Batting: RHB Luis Jaramillo 0-0: Foul Ball, location: 2F
0-1: Ball
Steve Ferguson is caught stealing 2nd base 2-4
1-1: Foul Ball, location: 2F
1-2: Ground out 5-3 (Groundball, 56, EV 98.1 MPH)
Batting: RHB Jason Flores 0-0: Ball
1-0: Ball
2-0: Foul Ball, location: 3F
2-1: Swinging Strike
2-2: Foul Ball, location: 3F
2-2: Strikes out swinging
Bottom of the 8th over - 0 runs, 1 hit, 0 errors, 0 left on base; Albuquerque 0 - Sacramento 6
TOP OF THE 9TH
Albuquerque Isotopes batting - Pitching for Sacramento River Cats : RHP Toby Carlson
Pitching: RHP Randy Misener
Batting: RHB Johnny Holton 0-0: Ball
1-0: DOUBLE (Line Drive, 3D, EV 101.3 MPH)
Batting: RHB Hector Gonzales 0-0: Called Strike
0-1: Ball
1-1: Ball
2-1: Called Strike
2-2: Strikes out swinging
Batting: RHB Salvador Salaedo 0-0: Called Strike
0-1: Called Strike
0-2: Ball
1-2: Strikes out swinging
Batting: LHB Josue Lopez 0-0: Ball
1-0: Ball
2-0: Swinging Strike
2-1: Called Strike
2-2: Strikes out looking
Top of the 9th over - 0 runs, 1 hit, 0 errors, 1 left on base; Albuquerque 0 - Sacramento 6
Sunday, April 14th , 2024 - OOTP Baseball 24.11 Build 85